 Dungeon Crawl Stone Soup version 0.30.0-5-g1a98f26d00 (webtiles) character file.

Game seed: 6603852036812542735

114077 mdonais the Warrior (level 16, -14/195 HPs)
             Began as an Ogre Delver on May 10, 2023.
             Was the Champion of the Shining One.
             Demolished by a bunyip (26 damage)
             ... on level 1 of the Swamp.
             The game lasted 01:44:23 (23400 turns).

mdonais the Warrior (Ogre Delver)                  Turns: 23400, Time: 01:44:24

Health: -14/195    AC:  4    Str: 26    XL:     16   Next: 65%
Magic:  22/22      EV: 11    Int:  9    God:    the Shining One [******]
Gold:   1511       SH: 11    Dex: 15    Spells: 15/15 levels left

rFire   + . .        a - +6 broad axe (freeze)
rCold   + + .        m - +0 kite shield
rNeg    + + +        y - +0 troll leather armour
rPois   +            (helmet restricted)
rElec   .            g - +2 cloak {rPois}
rCorr   .            (gloves unavailable)
SInv    .            (boots unavailable)
Will    +....        r - amulet of regeneration
Stlth   +            o - +4 ring of protection
HPRegen 2.12/turn    z - ring "Ywyotose" {rF+ rC++ Int-2 Dex+5}
MPRegen 0.18/turn

%: no passive effects
@: corroded, glowing
A: large, unfitting armour, tough skin 1
a: Renounce Religion, Divine Shield, Cleansing Flame, Summon Divine Warrior,
Brand Weapon With Holy Wrath


You were on level 1 of the Swamp.
You worshipped the Shining One.
The Shining One was exalted by your worship.
You visited 5 branches of the dungeon, and saw 24 of its levels.

You collected 2560 gold pieces.
You spent 1049 gold pieces at shops.

Inventory:

Hand Weapons
 a - a +6 broad axe of freezing (weapon)
   (You took it off an orc high priest on level 2 of the Orcish Mines)
 b - a +2 war axe of flaming
   (You took it off an orc knight on level 2 of the Orcish Mines)
Missiles
 t - 18 boomerangs
 u - 31 poisoned darts
 v - 11 javelins (quivered)
 w - 25 large rocks
 x - 2 silver javelins
 J - 2 atropa-tipped darts
 Z - a throwing net {=!f}
Armour
 d - a +2 robe of willpower
   (You bought it in a shop on level 3 of the Dungeon)
 g - a +2 cloak of poison resistance (worn)
   (You took it off Crazy Yiuf on level 5 of the Dungeon)
 m - a +0 kite shield (worn)
   (You found it on level 1 of the Dungeon)
 y - a +0 troll leather armour (worn)
   (You found it on level 2 of the Lair of Beasts)
Jewellery
 f - the ring of Wariness {rCorr MP+9 Str+6}
   (You found it on level 5 of the Lair of Beasts)

   [ring of strength]

   Str:       It affects your strength (+6).
   MP:        It affects your magic capacity (+9).
   rCorr:     It protects you from acid and corrosion.
 j - a ring of flight
   (You found it on level 1 of the Lair of Beasts)
 o - a +4 ring of protection (left hand)
   (You found it on level 5 of the Lair of Beasts)
 r - an amulet of regeneration (around neck)
   (You found it on level 1 of the Lair of Beasts)
 s - a ring of see invisible
   (You found it on level 2 of the Lair of Beasts)
 z - the ring "Ywyotose" (right hand) {rF+ rC++ Int-2 Dex+5}
   (You bought it in a shop on level 2 of the Orcish Mines)

   [ring of protection from fire]

   Int:       It affects your intelligence (-2).
   Dex:       It affects your dexterity (+5).
   rF:        It protects you from fire.
   rC:        It greatly protects you from cold.
Wands
 p - a wand of charming (19)
   (You found it on level 5 of the Dungeon)
 A - a wand of acid (10)
   (You found it on level 11 of the Dungeon)
 D - a wand of digging (11)
 F - a wand of roots (42)
   (You found it on level 6 of the Dungeon)
 V - a wand of flame (63)
   (You found it on level 4 of the Dungeon)
Scrolls
 c - 2 scrolls of fog
 e - 7 scrolls of fear
 h - 5 scrolls of immolation
 k - a scroll of enchant weapon
 q - 5 scrolls of enchant armour
 B - 3 scrolls of blinking
 C - 2 scrolls of summoning
 E - 2 scrolls of vulnerability
 M - 2 scrolls of magic mapping
 N - 3 scrolls of poison
 T - 7 scrolls of teleportation
 W - 2 scrolls of silence
Potions
 i - a potion of might
 l - 2 potions of flight
 n - 2 potions of cancellation
 G - 9 potions of heal wounds {unknown}
 H - 9 potions of haste
 I - 6 potions of degeneration {unknown}
 K - 8 potions of ambrosia {unknown}
 L - a potion of berserk rage
 O - 2 potions of attraction
 P - a potion of lignification
 Q - 5 potions of curing
 S - 3 potions of resistance
 Y - a potion of magic
Miscellaneous
 R - a lightning rod (4/4)
   (You found it on level 3 of the Lair of Beasts)
 U - a phial of floods
   (You found it on level 1 of the Swamp)
 X - a box of beasts
   (You found it on level 2 of the Lair of Beasts)


   Skills:
 + Level 20.6 Fighting
 + Level 16.5 Axes
 + Level 10.9 Throwing
 - Level 4.0 Armour
 - Level 6.0 Dodging
 - Level 3.7 Stealth
 - Level 10.0 Shields
 + Level 8.5 Invocations
 - Level 4.0 Evocations


You had 15 spell levels left.
You didn't know any spells.
Your spell library contained the following spells:

 Spells                   Type           Power      Damage    Failure   Level
 Freeze                   Ice            0%         1d3       61%         1
 Sandblast                Erth           0%         2d4       61%         1
 Passwall                 Tmut/Erth      0%         N/A       75%         2
 Dazzling Flash           Conj/Hex       0%         N/A       93%         3
 Frozen Ramparts          Ice            0%         1d1       93%         3
 Hailstorm                Conj/Ice       0%         3d3       93%         3
 Ozocubu's Armour         Ice            0%         N/A       93%         3
 Stone Arrow              Conj/Erth      0%         3d7       93%         3
 Volatile Blastmotes      Fire/Tloc      0%         2d10      93%         3
 Iskenderun's Mystic Bla  Conj/Tloc      0%         2d3       100%        4
 Passage of Golubria      Tloc           0%         N/A       100%        4
 Silence                  Hex/Air        0%         N/A       100%        5
 Conjure Ball Lightning   Conj/Air       0%         3x3d6     100%        6
 Starburst                Conj/Fire      0%         6d3       100%        6
 Ozocubu's Refrigeration  Ice            0%         4d7       100%        7
 Discord                  Hex            0%         N/A       100%        8
 Disjunction              Tloc           0%         N/A       100%        8
 Lehudib's Crystal Spear  Conj/Erth      0%         10d2      100%        8


Dungeon Overview and Level Annotations

Branches:
Dungeon (15/15) Zot: 26001  Temple (0/1) D:6            Lair (5/5) D:11 Zot: 24269
  Swamp (1/4) Lair:2 Zot: 5759  Spider (1/4) Lair:2 Zot: 5983   Slime (0/5) Lair:5
    Orc (2/2) D:9 Zot: 10057     Elf (0/3) Orc:2        Vaults (0/5) D:13
 Depths (0/4) D:15

Altars:
Dithmenos
Elyvilon
Fedhas
Makhleb
Qazlal
Sif Muna
Uskayaw
Wu Jian
The Shining One
Jiyva

Shops:
D:2 [   D:3 [:   D:4 =   D:6 *   D:7 =   Orc:2 =[*(

Portals:
Trove: D:10 (give +8 demon trident)


Innate Abilities, Weirdness & Mutations

You are too large for most types of armour.
You have tough skin. (AC +1)


Message History

You regained 3 hp, and now have 182/195 hp.
You regained 2 hp, and now have 184/195 hp.
You hit the bunyip but do no damage. The bunyip closely misses you.
The bunyip barely misses you. The bunyip claws you!!
You take 23 damage, and have 161/195 hp.
You hit the bunyip. You freeze the bunyip.
The bunyip is lightly wounded.
The spriggan druid calls out to the beasts of the wild!
You slash the bunyip! You freeze the bunyip.
The bunyip is moderately wounded.
You regained 2 hp, and now have 164/195 hp.
You slash the bunyip! You freeze the bunyip.
The bunyip is heavily wounded.
The bunyip barely misses you. x2; The bunyip closely misses you.
You regained 2 hp, and now have 166/195 hp.
You slash the bunyip! You freeze the bunyip!
The bunyip is almost dead.
A bunyip comes into view.
You regained 2 hp, and now have 168/195 hp.
You hit the bunyip but do no damage.
The bunyip is almost dead.
You barely miss the spriggan druid.
The forest calms down.
You block the spriggan druid's attack.
You hit the bunyip. You freeze the bunyip.
The bunyip is almost dead.
You barely miss the spriggan druid.
A tyrant leech comes into view.
The spriggan druid hits you with a +0 quarterstaff.
You hit the bunyip. You freeze the bunyip.
The bunyip is almost dead.
You slice the spriggan druid!! You freeze the spriggan druid.
You block the bunyip's attack. The bunyip claws you!!
The bunyip barely misses you.
The spriggan druid hits you with a +0 quarterstaff!
You take 34 damage, and have 135/195 hp.
You slash the bunyip! You freeze the bunyip.
You kill the bunyip!
You slash the spriggan druid! You freeze the spriggan druid.
You hit the bunyip. You freeze the bunyip. The bunyip claws you!!
You block the bunyip's attack. The bunyip claws you.
You take 33 damage, and have 102/195 hp.
You hit the spriggan druid. You freeze the spriggan druid.
With its final breath, the spriggan druid offers up its power to the beasts of the wild!
The bunyip is healed.
The bunyip seems to grow more fierce.
The tyrant leech seems to grow more fierce.
You kill the spriggan druid!
You slash the bunyip! You freeze the bunyip.
You regained 2 hp, and now have 104/195 hp.
You slash the bunyip! You freeze the bunyip.
The bunyip is heavily wounded.
You regained 2 hp, and now have 106/195 hp.
You barely miss the bunyip.
The bunyip is heavily wounded.
You regained 2 hp, and now have 108/195 hp.
You slash the bunyip! You freeze the bunyip.
The bunyip is heavily wounded.
The bunyip barely misses you. The bunyip closely misses you. x2
You regained 2 hp, and now have 110/195 hp.
You barely miss the bunyip.
The bunyip is heavily wounded.
A goliath frog comes into view.
You barely miss the bunyip.
The bunyip is heavily wounded.
You regained 2 hp, and now have 113/195 hp.
You barely miss the bunyip.
The bunyip is heavily wounded.
You slash the tyrant leech! You freeze the tyrant leech.
You block the goliath frog's attack.
The bunyip howls a warning cry!
The tyrant leech bites you!
You take 5 damage, and have 108/195 hp.
You open the bunyip like a pillowcase!!!
You freeze the bunyip!
You kill the bunyip!
You slash the tyrant leech! You freeze the tyrant leech.
The goliath frog closely misses you.
You regained 2 hp, and now have 110/195 hp.
You hit the tyrant leech. You freeze the tyrant leech.
The tyrant leech is heavily wounded.
The goliath frog hits you from afar! The acid corrodes you!
You are splashed with acid.
The tyrant leech bites you!
You take 27 damage, and have 83/195 hp.
You are too injured to fight recklessly!
You are too injured to fight recklessly!
You hit the tyrant leech but do no damage.
The tyrant leech is heavily wounded.
You block the goliath frog's attack.
You regained 2 hp, and now have 85/195 hp.
You completely miss the tyrant leech.
The tyrant leech is heavily wounded.
You block the tyrant leech's attack. The goliath frog closely misses you.
You barely miss the tyrant leech.
The tyrant leech is heavily wounded.
The tyrant leech bites you!! The goliath frog hits you from afar!!
* * * LOW HITPOINT WARNING * * *
The acid corrodes you!
You are splashed with acid!
* * * LOW HITPOINT WARNING * * *
You take 52 damage, and have 34/195 hp.
MASSIVE DAMAGE!!
You barely miss the tyrant leech.
The tyrant leech is heavily wounded.
The tyrant leech bites you.
* * * LOW HITPOINT WARNING * * *
The goliath frog hits you from afar!!
* * * LOW HITPOINT WARNING * * *
You are splashed with acid!
* * * LOW HITPOINT WARNING * * *
You take 30 damage, and have 4/195 hp.
Blink to where?
Press: ? - help, Dir - move target A ghost crab comes into view.
As you read the scroll of blinking, it crumbles to dust.
You regained 2 hp, and now have 6/195 hp.
Press: ? - help, v - describe, . - travel, g - get item
Here: a goliath frog (haloed)
Items here: ! $ ) = [ †.
The floor, spattered with blood.
Unknown command.
Unknown command.
Aiming: Charm
Press: ? - help, Shift-Dir - straight line, f - ghost crab
Aim: a ghost crab (haloed, chance to affect: 41%)
Okay, then.
Unknown command.
As you read the scroll of teleportation, it crumbles to dust.
You feel strangely unstable.
You regained 2 hp, and now have 8/195 hp.
You feel better.
The tyrant leech no longer looks unusually strong.
You regained 10 hp, and now have 18/195 hp.
Press: ? - help, v - describe, . - travel
Here: a goliath frog (haloed)
The floor.
Your surroundings suddenly seem different.
Splash!
You fall into the shallow water.
You regained 3 hp, and now have 21/195 hp.
You regained 2 hp, and now have 23/195 hp.
You regained 2 hp, and now have 25/195 hp.
You regained 2 hp, and now have 27/195 hp.
You regained 2 hp, and now have 29/195 hp.
You regained 2 hp, and now have 31/195 hp.
A bunyip comes into view.
You regained 2 hp, and now have 33/195 hp.
You barely miss the bunyip.
The bunyip gives a hideous shriek!
The bunyip howls a warning cry!
The bunyip claws you!!
* * * LOW HITPOINT WARNING * * *
The bunyip closely misses you. The bunyip claws you!!
You die...

....♣♣♣♣♣♣.~....~~~...♣♣~...♣♣
.~~.~....~.......~~..~♣♣~...~♣
..~.~~~..♣..~~~~....~~~~..~~.♣
....~~..~♣~..~~~.....~~~..~~.♣
~~~...~...........†~~~~~..~~.♣
~§~~♣~.~...~~~~.~~~~.....§~~~♣
~.~~♣♣....~~~~..~~......~~~~.♣
..♣~~♣.~~~~~~~...x.~~...~~~~.♣
..♣♣♣~~~~..~§~~~@♣~♣~.♣.~~~.♣♣
~♣♣♣~~§~~...~~~.♣♣♣♣..~~~~.♣♣
♣♣ ♣.~~~..~.....♣ ~.~~~..♣♣ ♣
♣♣......~♣♣~♣♣♣ ♣♣~....♣♣
♣♣♣~.♣~...~♣♣♣♣ ♣♣~..♣♣
.~~~~~~~~.♣♣ ♣♣.♣♣ .~~~♣.~~~.♣
....♣♣...♣♣ ♣♣♣♣♣♣♣♣♣♣


You could see a bunyip.

Vanquished Creatures
  Kirke (Lair:4)
  A fire giant (D:15)
  An orc warlord (Orc:2)
  2 eleionomae (Swamp:1)
  2 bunyips (Swamp:1)
  An ettin (Orc:2)
  An entropy weaver (Lair:2)
  The ghost of Liimbo the Fighter, a journeyman FoWn of Cheibriados (D:13)
  10 hydras
  A catoblepas (Lair:5)
  A death knight (D:15)
  9 centaur warriors
  3 boulder beetles
  A tengu warrior (D:14)
  6 orc high priests (Orc:2)
  A deep troll shaman (Lair:5)
  6 two-headed ogres
  11 death yaks
  3 skysharks
  A pharaoh ant (Lair:2)
  8 skeletal warriors
  A deep troll (Lair:2)
  2 spriggan druids (Swamp:1)
  A lindwurm (Lair:5)
  5 orc knights
  3 wizards
  2 deep elf pyromancers
  3 ugly things (D:15)
  4 cyclopes
  2 orc sorcerers (Orc:2)
  3 oklob plants (Lair:3)
  4 manticores
  9 elephants
  A will-o-the-wisp (Lair:2)
  5 black mambas
  Joseph (Lair:1)
  A torpor snail (Lair:4)
  22 cane toads
  6 komodo dragons
  8 rime drakes
  A kobold demonologist (D:10)
  A rime drake (shapeshifter) (D:13)
  3 freezing wraiths
  An efreet (D:14)
  6 yaktaurs (D:15)
  2 bloated husks (Swamp:1)
  A tyrant leech (Swamp:1)
  4 polar bears
  A queen bee (Lair:3)
  10 trolls
  5 tarantellas (Lair:2)
  A meliai (D:15)
  A dream sheep (shapeshifter) (D:14)
  4 blink frogs (Lair:4)
  5 dream sheep (Lair:5)
  6 slime creatures
  3 shadows
  2 jumping spiders (Lair:2)
  4 wraiths
  2 culicivoras (Lair:2)
  18 wyverns
  58 yaks
  A yak (shapeshifter) (D:15)
  4 hogs (Lair:4)
  6 basilisks
  A steam dragon (D:6)
  Grum (D:7)
  7 redbacks (Lair:2)
  5 vampire mosquitoes
  A warg (Orc:2)
  A swamp worm (Swamp:1)
  2 acid dragons
  19 water moccasins
  2 sky beasts
  An ice beast (D:6)
  4 black bears
  37 orc warriors
  A swamp drake (Swamp:1)
  9 ogres
  26 wolves
  17 centaurs
  2 phantoms
  A gnoll sergeant (D:12)
  10 bullfrogs
  5 scorpions
  4 wights (D:9)
  39 killer bees
  2 howler monkeys
  13 orc priests
  4 hounds
  4 jellies
  Crazy Yiuf (D:5)
  A gnoll bouda (D:7)
  Jessica (D:2)
  3 iguanas
  23 orc wizards
  4 hell rats (D:14)
  9 gnolls
  6 adders
  A river rat (Lair:3)
  4 shadow imps
  14 white imps
  3 ufetubi
  A worm (D:2)
  2 dart slugs
  86 orcs
  10 bats
  3 endoplasms
  4 giant cockroaches (D:1)
  5 goblins
  2 hobgoblins (D:3)
  8 kobolds
  6 quokkas
  8 ball pythons
  A frilled lizard (D:1)
  6 rats
734 creatures vanquished.

Vanquished Creatures (collateral kills)
  Rupert (Lair:5)
  An orc sorcerer (Orc:2)
  An orc warrior (Orc:2)
  2 orcs (Orc:2)
5 creatures vanquished.

Vanquished Creatures (others)
  Maurice (D:13)
  A white imp (D:6)
  8 foxfires (Lair:2)
10 creatures vanquished.

Grand Total: 749 creatures vanquished

Notes
Turn   | Place    | Note
-------+----------+-------------------------------------------
     0 | D:5      | mdonais the Ogre Delver began the quest for the Orb.
     0 | D:5      | Reached XP level 1. HP: 24/24 MP: 1/1
    54 | D:4      | Reached XP level 2. HP: 33/33 MP: 2/2
   212 | D:3      | Found a glowing golden altar of the Shining One.
   238 | D:1      | Found a faded altar of an unknown god.
   457 | D:1      | Reached XP level 3. HP: 40/41 MP: 3/3
   641 | D:1      | Reached skill level 5 in Fighting
  1228 | D:2      | Found Loes's Armour Boutique.
  1231 | D:2      | Noticed Jessica
  1252 | D:2      | Reached XP level 4. HP: 40/50 MP: 4/4
  1957 | D:3      | Became a worshipper of the Shining One
  2105 | D:3      | Found Dalal's Book Shop.
  2207 | D:3      | Found a stormy altar of Qazlal.
  2466 | D:3      | Found Ytte's Armour Shop.
  2645 | D:4      | Found Otir's Jewellery Boutique.
  3355 | D:3      | Bought a +2 robe of willpower for 212 gold pieces
  3482 | D:5      | Reached XP level 5. HP: 59/59 MP: 5/5
  3565 | D:5      | Found a hide-covered altar of Uskayaw.
  3590 | D:5      | Noticed a phantom
  3605 | D:5      | Killed a phantom
  3606 | D:5      | Reached skill level 6 in Fighting
  3636 | D:5      | Noticed an ogre
  3660 | D:5      | Killed an ogre
  3661 | D:5      | Reached skill level 7 in Fighting
  3661 | D:5      | Reached XP level 6. HP: 14/71 MP: 6/6
  3967 | D:5      | Found a runed translucent door.
  3968 | D:5      | Noticed Crazy Yiuf
  4296 | D:5      | Noticed a black bear
  4303 | D:5      | Killed a black bear
  4304 | D:5      | Reached skill level 5 in Axes
  4396 | D:5      | Identified the +2 war axe "Recvet" {drain, rF+ Int+3}
  4612 | D:6      | Noticed an ice beast
  4612 | D:6      | Found a staircase to the Ecumenical Temple.
  4619 | D:5      | Reached XP level 7. HP: 76/79 MP: 7/7
  4674 | D:5      | Reached skill level 8 in Fighting
  4737 | D:6      | Found Alyul's Neck Hole.
  4894 | D:6      | Reached skill level 9 in Fighting
  4968 | D:6      | Reached XP level 8. HP: 92/92 MP: 8/8
  4972 | D:6      | Reached * piety under the Shining One
  5072 | D:6      | Reached skill level 10 in Fighting
  5178 | D:6      | Found a burning altar of Makhleb.
  5232 | D:6      | Reached skill level 1 in Evocations
  5379 | D:6      | Noticed a two-headed ogre
  5391 | D:6      | Reached XP level 9. HP: 84/102 MP: 9/9
  5451 | D:6      | Reached skill level 11 in Fighting
  5471 | D:6      | Killed a two-headed ogre
  5472 | D:6      | Reached skill level 12 in Fighting
  5698 | D:6      | Found a shimmering blue altar of Sif Muna.
  5739 | D:7      | Reached skill level 13 in Fighting
  5998 | D:7      | Reached ** piety under the Shining One
  5999 | D:7      | Reached skill level 1 in Throwing
  6486 | D:7      | Found Fielo's Jewellery Shoppe.
  6940 | D:8      | Reached XP level 10. HP: 58/120 MP: 10/10
  7137 | D:8      | Reached skill level 14 in Fighting
  7238 | D:8      | Noticed Grum
  7262 | D:7      | Killed Grum
  7263 | D:7      | Reached skill level 5 in Throwing
  7674 | D:8      | Reached skill level 1 in Shields
  8023 | D:9      | Found a staircase to the Orcish Mines.
  8483 | D:9      | Reached skill level 1 in Armour
  8526 | D:9      | Found an ornate altar of the Wu Jian Council.
  8736 | D:9      | Reached *** piety under the Shining One
  8759 | D:9      | Reached skill level 5 in Shields
  9097 | D:10     | Entered Level 10 of the Dungeon
  9103 | D:10     | Noticed a manticore
  9115 | D:10     | Killed a manticore
  9173 | D:10     | Noticed a kobold demonologist
  9176 | D:10     | Noticed a soul eater
  9180 | D:10     | Killed a kobold demonologist
  9216 | D:10     | Reached XP level 11. HP: 130/130 MP: 11/11
  9243 | D:10     | Noticed a two-headed ogre
  9250 | D:10     | Killed a two-headed ogre
  9451 | D:10     | Noticed a two-headed ogre
  9456 | D:10     | Killed a two-headed ogre
  9477 | D:10     | Found a white marble altar of Elyvilon.
  9481 | D:10     | Noticed a cyclops
  9488 | D:10     | Killed a cyclops
  9618 | D:10     | Found a portal to a secret trove of treasure.
 10000 | D:10     | Found a blossoming altar of Fedhas.
 10399 | D:5      | Killed Crazy Yiuf
 10539 | D:2      | Killed Jessica
 10686 | D:11     | Noticed a skeletal warrior
 10689 | D:11     | Noticed a skeletal warrior
 10732 | D:10     | Killed a skeletal warrior
 10812 | D:11     | Noticed a skeletal warrior
 10832 | D:11     | Killed a skeletal warrior
 10844 | D:11     | HP: 4/131 [skeletal warrior/+0 glaive (12)]
 10853 | D:11     | Killed a skeletal warrior
 10957 | D:11     | Reached skill level 10 in Axes
 11036 | D:11     | Reached **** piety under the Shining One
 11088 | D:11     | Reached skill level 15 in Fighting
 11108 | D:11     | Reached XP level 12. HP: 139/141 MP: 12/12
 11115 | D:11     | Found a staircase to the Lair.
 11298 | D:11     | Found a frozen archway.
 11323 | D:11     | Reached ***** piety under the Shining One
 11822 | Orc:1    | Entered Level 1 of the Orcish Mines
 11822 | Orc:1    | Noticed an ettin
 11822 | Orc:1    | You fall into a shaft and drop 1 floor!
 11822 | Orc:2    | Entered Level 2 of the Orcish Mines
 11858 | Orc:2    | Noticed an orc high priest
 11879 | Orc:2    | Killed an orc high priest
 12012 | Orc:2    | Found Kofesi's Antique Weapon Shoppe.
 12012 | Orc:2    | Noticed an orc high priest
 12038 | Orc:2    | Killed an orc high priest
 12080 | Orc:2    | Noticed an orc high priest
 12092 | Orc:2    | Killed an orc high priest
 12295 | Orc:2    | Found Pofot's General Store.
 12327 | Orc:2    | Noticed an orc high priest
 12339 | Orc:2    | Noticed a sun demon
 12347 | Orc:2    | Killed an orc high priest
 12411 | Orc:2    | Noticed an orc high priest
 12415 | Orc:2    | Reached skill level 16 in Fighting
 12424 | Orc:2    | Killed an orc high priest
 12475 | Orc:2    | Noticed an orc warlord
 12487 | Orc:2    | Noticed an orc high priest
 12491 | Orc:2    | Noticed a sun demon
 12492 | Orc:2    | Killed an orc warlord
 12493 | Orc:2    | Reached XP level 13. HP: 152/152 MP: 13/13
 12502 | Orc:2    | Paralysed by an orc sorcerer for 2 turns
 12783 | Orc:2    | Killed an ettin
 13014 | Orc:2    | Found Eheipref's Antique Armour Shoppe.
 13085 | Orc:2    | Found Ankouk's Jewellery Emporium.
 13109 | Orc:2    | Found a staircase to the Elven Halls.
 13236 | Orc:2    | Bought the ring "Ywyotose" {rF+ rC++ Int-2 Dex+5} for 837
                  | gold pieces
 13620 | Orc:2    | Reached skill level 1 in Invocations
 14087 | Lair:1   | Entered Level 1 of the Lair of Beasts
 14204 | Lair:1   | Noticed Joseph
 14207 | Lair:1   | Killed Joseph
 14308 | Lair:1   | Reached skill level 5 in Invocations
 15335 | Lair:2   | Found a hole to the Spider Nest.
 15527 | Lair:2   | Reached XP level 14. HP: 110/163 MP: 19/19
 15576 | Lair:2   | Found a staircase to the Swamp.
 15776 | Lair:2   | Reached ****** piety under the Shining One
 15944 | Lair:2   | Reached skill level 17 in Fighting
 15944 | Lair:2   | Reached skill level 10 in Throwing
 17393 | Lair:4   | Reached skill level 18 in Fighting
 17748 | Lair:4   | Reached skill level 15 in Axes
 17970 | Lair:4   | Noticed Kirke
 17992 | Lair:4   | Killed Kirke
 18369 | Lair:5   | Entered Level 5 of the Lair of Beasts
 18466 | Lair:5   | Reached XP level 15. HP: 158/178 MP: 20/20
 18845 | Lair:5   | Noticed Rupert
 18857 | Lair:5   | Killed Rupert
 18858 | Lair:5   | Reached skill level 19 in Fighting
 19240 | Lair:5   | Identified the ring of Wariness {rCorr MP+9 Str+6}
 19318 | Lair:5   | Found a runed translucent door.
 19318 | Lair:5   | Found a viscous altar of Jiyva.
 19322 | Lair:5   | Found a staircase to the Slime Pits.
 20017 | D:12     | Reached skill level 10 in Shields
 20438 | D:13     | Noticed Liimbo's ghost (journeyman FoWn)
 20439 | D:13     | Found a runed translucent door.
 20459 | D:13     | Killed Liimbo's ghost
 20460 | D:13     | Reached skill level 20 in Fighting
 20491 | D:13     | Noticed Maurice
 20513 | D:13     | Your ally Maurice died
 20632 | D:13     | Found a gate to the Vaults.
 21553 | D:14     | Found a shadowy altar of Dithmenos.
 21707 | D:14     | Reached XP level 16. HP: 163/192 MP: 21/21
 21891 | D:15     | Entered Level 15 of the Dungeon
 22083 | D:15     | Reached skill level 5 in Dodging
 22283 | D:15     | Found a staircase to the Depths.
 22914 | Spider:1 | Entered Level 1 of the Spider Nest
 23153 | Swamp:1  | Entered Level 1 of the Swamp
 23389 | Swamp:1  | HP: 4/195 [acid (7)]
 23400 | Swamp:1  | Demolished by a bunyip

Illustrated notes

Levels and vault maps discovered:
D:1:      spicycebolla_arrival_ecumenical, layout_loops_ring
D:2:      wad_lake_hut, layout_rooms, serial_shops,
          nicolae_shop_just_a_little_nook, minmay_domino_2, uniq_jessica
D:3:      layout_loops_cross, lemuel_tele_altar, lemuel_crystal_altar,
          serial_shops, nicolae_shop_tiny_real_fake_doors,
          nicolae_shop_window_shopping, minmay_misc_feat_diagonals
D:4:      nicolae_BIG_FREAKIN_CUBE, layout_basic, serial_shops, shop
D:5:      layout_loops_ring, nicolae_overflow_crystal_walls,
          uniq_crazy_yiuf_cottage
D:6:      cheibrodos_barr_body, layout_rooms, mainiacjoe_overflow_swirl,
          temple_statues, nicolae_shop_sticking_my_neck_out
D:7:      layout_basic, serial_demonic, serial_demonic_g, serial_demonic_d,
          serial_demonic_g, serial_demonic_f, serial_shops,
          nicolae_shop_pleasant_corner_grove
D:8:      layout_basic, uniq_grum
D:9:      layout_irregular_city, nicolae_wu_jian_wuxing_cycle, orc_0_dummy,
          kennysheep_doodads
D:10:     layout_gridville, elyvilon_altar_5, lemuel_coloured_pillars_altar,
          trove_entry_hex_spiral, columned_hall_lemuel
D:11:     layout_loops_ring, minmay_lair_entry_grove, portal_ice_cave_entry_imps
D:12:     layout_roguey [special_room_orc]
D:13:     layout_loops_cross, david_vaults_1, hellmonk_ghost_happy_afterlife,
          uniq_maurice
D:14:     layout_long_grid, special_room [special_room_mythical_zoo],
          nicolae_dithmenos_shadow_blocks, minmay_statues_item
D:15:     grunt_enter_depths_giant_problem, layout_gridville,
          serial_bayou_pond_b, lemuel_flame_loot_1
Lair:1:   layout_cave_pods, chequers_serial_rivers_small_3, st_stairs_11,
          beast_lair_carwin_7, uniq_joseph
Lair:2:   dreamdust_cave_troll, layout_regular_city, minmay_swamp_entry_wisps,
          nicolae_spider_entry_lesser_pyramids
Lair:3:   regret_index_harrowing_hell_hive, layout_misc_corridors,
          grunt_megastairs_4, serial_bayou_shore_b, infiniplex_staircase_pool
Lair:4:   beast_lair_carwin_large_4, layout_regular_city, uniq_kirke
Lair:5:   grunt_lair_end_beastmaster, layout_gridlike, slime_entry_2,
          uniq_rupert, uniq_urug
Swamp:1:  nicolae_swamp_decorative_isthmus, layout_basic_swamp,
          nicolae_swamp_ascending_descending_big, swamp_pool1
Spider:1: layout_spider_delve
Orc:1:    layout_diamond_mine, serial_shops
Orc:2:    grunt_orc_gardens, layout_caves, grunt_orc_garden, grunt_orc_garden,
          grunt_orc_garden, grunt_orc_garden

Skill      XL: |  1  2  3  4  5  6  7  8  9 10 11 12 13 14 15 16 |
---------------+-------------------------------------------------+-----
Fighting       | 5 7 9 10 13 14 15 16 18 20 | 20.6
Axes           | 3 4 5 6 7 8 10 12 13 15 16 | 16.5
Evocations     | 2 4 |  4.0
Dodging        | 2 3 4 6 |  6.0
Throwing       | 3 6 8 9 10 | 10.9
Shields        | 6 8 9 10 | 10.0
Armour         | 2 3 4 |  4.0
Invocations    | 6 7 8 |  8.5
Stealth        | |  3.7

Action                     |  1- 3 |  4- 6 |  7- 9 | 10-12 | 13-15 | 16-18 || total
---------------------------+-------+-------+-------+-------+-------+-------++-------
  Melee: Hand axe          |   121 |    23 |       |    69 |       |       ||   213
         War axe           |       |    70 |   248 |   421 |    78 |    16 ||   833
         Punch             |       |     1 |     3 |     4 |       |       ||     8
         Broad axe         |       |       |       |       |   777 |   209 ||   986
  Throw: Javelin           |       |     8 |     5 |    22 |    39 |     6 ||    80
         Large rock        |       |     8 |     4 |    35 |    33 |     9 ||    89
         Dart              |       |     6 |       |       |       |       ||     6
         Boomerang         |       |       |     3 |    34 |    42 |       ||    79
 Invoke: Divine Shield     |       |       |       |     1 |     3 |     2 ||     6
         Summon Divine War |       |       |       |       |     1 |       ||     1
  Evoke: Wand              |       |       |     4 |     2 |     1 |       ||     7
    Use: Scroll            |     1 |     6 |     5 |     9 |    13 |     5 ||    39
         Potion            |       |     1 |       |     5 |     1 |     1 ||     8
   Stab: Sleeping          |    11 |     1 |       |       |       |       ||    12
 Armour: Robe              |    32 |    22 |    42 |    17 |       |       ||   113
         Troll leather arm |       |       |       |    34 |   213 |    82 ||   329
  Dodge: Dodged            |    63 |    96 |   252 |   344 |   391 |   121 ||  1267
  Block: Kite shield       |       |       |       |   155 |   493 |   168 ||   816
